AoeStats
← dongquangthang

Arena

510925575Analyzed
4v4 RM · 10h ago on Oct 3, 2026· 39m 4s· 8 players
Game mode
Random Map
Map size
Large (8 player)
Population
200
Speed
Normal
Resources
Standard
Victory
Conquest
Starting age
Dark Age
Ending age
Imperial Age
RankedLock teamsTeams togetherTeam positionsShared explorationLock speedFull tech treeHidden civsTurbo modeCheats
Victory
Defeat
🇨🇳 Hindustanis · China
1364
+12
🇨🇳 Bengalis · China
1360
+12
🇹🇼 Franks · Taiwan
1322
+14
🇻🇳 Teutons · Vietnam
1265
+15
🇨🇷 Wei · Costa Rica
1294
-14
🇨🇷 Inca · Costa Rica
1291
-14
🇵🇪 Tupi · Peru
1286
-14
🇨🇷 Persians · Costa Rica
1208
-11
S.T.A.R.S. Wesker
10:17 Feudal Age
14:11 Castle Age
12:13 Double-Bit Axe
12:32 Horse Collar
16:29 Wheelbarrow
17:01 Sanctity
19:06 Fervor
20:06 Bow Saw
23:20 Loom
38:08 Imperial Age
36:21 Fletching
36:32 Padded Archer Armor
38:33 Hand Cart
38:03 Town Watch
38:25 Scale Mail Armor
38:22 Bodkin Arrow
38:19 Gold Mining
BøM_從小不缺鮑魚
10:17 Feudal Age
11:22 Double-Bit Axe
15:02 Castle Age
15:59 Bow Saw
21:24 Wheelbarrow
21:05 Gold Mining
22:30 Gold Shaft Mining
22:49 Hand Cart
23:05 Stone Mining
25:37 Husbandry
25:41 Loom
26:14 Forging
26:10 Scale Barding Armor
28:51 Imperial Age
28:10 Iron Casting
28:34 Chain Barding Armor
29:11 Cavalier
30:32 Plate Barding Armor
30:58 Blast Furnace
31:06 Chemistry
30:26 Ballistics
31:37 Chivalry
31:02 Paladin
32:39 Conscription
40:10 Hoardings
120057903
10:01 Feudal Age
13:48 Castle Age
11:52 Double-Bit Axe
11:47 Horse Collar
15:08 Wheelbarrow
15:27 Bow Saw
15:49 Heavy Plow
21:21 Gold Mining
21:54 Hand Cart
27:13 Imperial Age
26:15 Scale Barding Armor
26:21 Forging
26:47 Grand Trunk Road
27:18 Chain Barding Armor
27:18 Heavy Camel Rider
27:58 Husbandry
28:10 Bloodlines
28:53 Gold Shaft Mining
28:29 Town Watch
28:30 Loom
29:32 Coinage
29:51 Conscription
29:22 Imperial Camel Rider
31:41 Banking
31:51 Caravan
34:29 Plate Barding Armor
37:42 Chemistry
38:51 Iron Casting
dongquangthang
8:39 Feudal Age
7:31 Loom
9:27 Double-Bit Axe
10:19 Fletching
26:02 Castle Age
30:15 Castle Age
32:13 Wheelbarrow
32:40 Bow Saw
33:29 Gold Mining
33:30 Stone Mining
34:46 Hand Cart
36:50 Stone Shaft Mining
35:57 Horse Collar
[CRM] - Shadow
12:15 Feudal Age
13:45 Double-Bit Axe
16:04 Castle Age
15:19 Forging
15:57 Scale Barding Armor
16:35 Bloodlines
18:26 Loom
22:10 Horse Collar
23:00 Bow Saw
26:49 Heavy Plow
26:41 Gold Mining
26:41 Stone Mining
27:46 Wheelbarrow
28:36 Gold Shaft Mining
28:36 Stone Shaft Mining
29:07 Scale Mail Armor
34:02 Imperial Age
32:31 Iron Casting
32:11 Chain Mail Armor
31:25 Pikeman
32:05 Squires
34:32 Halberdier
36:28 Blast Furnace
38:27 Conscription
[CRM]-Camacho
11:28 Feudal Age
15:22 Castle Age
16:35 Gold Mining
17:44 Double-Bit Axe
18:19 Champi Runner
19:13 Scale Mail Armor
19:05 Loom
21:24 Champi Warrior
21:53 Arson
30:43 Bow Saw
30:17 Horse Collar
[CRM]-Holvin
10:50 Feudal Age
10:56 Feudal Age
16:41 Castle Age
14:36 Double-Bit Axe
14:34 Horse Collar
14:56 Gold Mining
19:27 Gold Shaft Mining
19:17 Scale Barding Armor
19:22 Forging
20:45 Husbandry
24:44 Bloodlines
26:56 Heavy Plow
32:16 Wheelbarrow
32:35 Chain Barding Armor
32:50 Iron Casting
DictadorTirano
11:10 Feudal Age
9:31 Loom
11:17 Feudal Age
15:34 Castle Age
14:22 Horse Collar
20:16 Wheelbarrow
22:29 Town Watch
27:12 Double-Bit Axe
28:39 Stone Mining
32:27 Fletching
33:04 Treadmill Crane
34:18 Bodkin Arrow
34:34 Gold Mining
37:05 Gold Shaft Mining
37:09 Padded Archer Armor
Connection lost

Rejoining the realm…

Still unreachable

The connection could not be restored.

Session expired

The server has moved on; the page needs a fresh start.